[Event "Late-Titled-Tuesday-Blitz-February-13-2024"]
[Site "Chess.com"]
[Date "2024.02.13"]
[Round "1"]
[White "vi_pranav"]
[Black "ajeale2"]
[Result "1-0"]
[WhiteElo "3038"]
[BlackElo "2512"]
[TimeControl "180+1"]
[EndTime "14:07:30 PST"]
[Termination "vi_pranav won on time"]

1. e4 e6 2. d4 d5 3. Nc3 Nf6 4. e5 Nfd7 5. f4 c5 6. Nf3 Nc6 7. Be3 cxd4 8. Nxd4 Nb6 9. Be2 Be7 10. O-O O-O 11. Qe1 f6 12. exf6 Bxf6 13. Rd1 Bd7 14. Nxc6 bxc6 15. Bc5 Re8 16. Bd3 e5 17. fxe5 Bxe5 18.
Qf2 Be6 19. Rde1 Qg5 20. Bd4 Bd6 21. Rxe6 Rf8 22. Rxd6 Rxf2 23. Rxf2 Re8 24. Rxc6 Nc4 25. Rc7 Ne5 26. Bf1 h5 27. h3 Qh4 28. Bxe5 Rxe5 29. Rd7 Qd4 30. Ne2 Qe3 31. Nf4 Rf5 32. Nd3 h4 33.
Re7 Qxe7 34. Rxf5 Qe3+ 35. Kh1 d4 36. Rf3 Qd2 37. Ne5 Qxc2 38. Bc4+ Kh7 39. Bd3+ Qxd3 40. Nxd3 1-0

[Event "Late-Titled-Tuesday-Blitz-February-13-2024"]
[Site "Chess.com"]
[Date "2024.02.13"]
[Round "1"]
[White "cande_francisco"]
[Black "ChristopherYoo"]
[Result "0-1"]
[WhiteElo "2502"]
[BlackElo "2963"]
[TimeControl "180+1"]
[EndTime "14:07:30 PST"]
[Termination "ChristopherYoo won by resignation"]

1. e4 c5 2. Nf3 d6 3. Bb5+ Bd7 4. Bxd7+ Nxd7 5. O-O Ngf6 6. Qe2 e6 7. c3 Be7 8. d4 O-O 9. Rd1 Rc8 10. e5 Ne8 11. Bf4 cxd4 12. cxd4 Nb6 13. Nc3 Nc7 14. Ne4 Ncd5 15.
Bg3 dxe5 16. dxe5 Qd7 17. h4 Rc7 18. Nd6 Nc8 19. Ne4 Ncb6 20. Nd6 Nc8 21. Ne4 Qa4 22.
b3 Qa3 23. h5 h6 24. Rd4 Ncb6 25. Rad1 Rc1 26. Rxc1 Qxc1+ 27. Rd1 Nc3 28. Nxc3 Qxc3 29. Nd2 Qc2 30. f4 Rd8 31. Be1 Bb4 32. g3 Rd3 33. Kg2 Nd5 34. Kf2 Bc5+ 35. Kg2 Ne3+ 36. Kh2 Nxd1 37.
Qxd1 Qxd1 0-1

[Event "Late-Titled-Tuesday-Blitz-February-13-2024"]
[Site "Chess.com"]
[Date "2024.02.13"]
[Round "1"]
[White "TheSilmarils"]
[Black "cukricek"]
[Result "1-0"]
[WhiteElo "2850"]
[BlackElo "2451"]
[TimeControl "180+1"]
[EndTime "14:07:30 PST"]
[Termination "TheSilmarils won by resignation"]

1. Nf3 Nf6 2. c4 g6 3. Nc3 Bg7 4. e4 c5 5. d4 cxd4 6. Nxd4 Nc6 7. Be3 d6 8. Be2 O-O 9. Nc2 a5 10. O-O a4 11. f3 Qa5 12. Kh1 Be6 13. Nd5 Bxd5 14.
cxd5 Ne5 15. Na3 Rfc8 16. Rc1 Qb4 17. Qd2 Qxd2 18. Bxd2 Ned7 19. Bb5 Nc5 20. Rc2 Nfd7 21. Rfc1 Ne5 22. Be3 b6 23. h3 Rcb8 24. Kg1 Ned3 25.
Rb1 Nb4 26. Rd2 Nxa2 27. Bc6 Ra7 28. Nb5 Ra5 29. Na3 Nb4 30. Bb5 Ra7 31. Kf1 Rc7 32. Rdd1 Ra8 33. Rdc1 Rac8 34. Ke2 Ra8 35. Rc4 Nbd3 36.
Rc2 Nb4 37. Rc4 Nbd3 38. Rc2 Nb4 39. Rcc1 Na2 40. Rc4 Rac8 41. Ra1 Bxb2 42. Rxa2 Bxa3 43. Rxa3 Nb3 44. Rxc7 Rxc7 45. Bxa4 Nc5 46. Bc6 e6 47. Bd4 exd5 48. Ra8+ 1-0

[Event "Late-Titled-Tuesday-Blitz-February-13-2024"]
[Site "Chess.com"]
[Date "2024.02.13"]
[Round "1"]
[White "bipe137"]
[Black "Chemim21"]
[Result "1-0"]
[WhiteElo "2581"]
[BlackElo "2231"]
[TimeControl "180+1"]
[EndTime "14:07:30 PST"]
[Termination "bipe137 won on time"]

1. d4 d5 2. c4 e6 3. Nc3 c6 4. e4 dxe4 5. Nxe4 Nf6 6. Nxf6+ Qxf6 7. Nf3 Bb4+ 8. Bd2 Bxd2+ 9. Qxd2 O-O 10. Bd3 Rd8 11. O-O Nd7 12. Qe3 c5 13. Rad1 cxd4 14. Nxd4 Ne5 15. Be2 Ng6 16. b3 Bd7 17. Bf3 Rab8 18.
Be4 e5 19. Ne2 a6 20. Nc3 Be6 21. Rxd8+ Rxd8 22. Bxb7 a5 23. Bd5 Nf4 24. Bxe6 Qxe6 25. g3 Rd3 26. Qe4 f5 27. Qa8+ Kf7 28. gxf4 Rxc3 29.
fxe5 Qxe5 30. Rd1 Kg6 31. Qc6+ Kh5 32. Qd5 Qf4 33. Re1 Rc2 34. Qg2 Rxa2 35. Qh3+ Kg6 36. Rf1 h5 37. Kh1 Qe4+ 38. f3 Qe2 39. Rg1+ Kh6 40.
Qg3 1-0

[Event "Late-Titled-Tuesday-Blitz-February-13-2024"]
[Site "Chess.com"]
[Date "2024.02.13"]
[Round "1"]
[White "Jenia84"]
[Black "chegueps"]
[Result "0-1"]
[WhiteElo "2308"]
[BlackElo "2654"]
[TimeControl "180+1"]
[EndTime "14:07:31 PST"]
[Termination "chegueps won on time"]

1. Nf3 Nf6 2. g3 g6 3. Bg2 Bg7 4. O-O O-O 5. c4 d6 6. Nc3 Nbd7 7. d4 e5 8. dxe5 dxe5 9. Bg5 h6 10. Bxf6 Bxf6 11. Nd5 Bg7 12. Qc2 c6 13. Ne3 Qe7 14. Rfd1 a5 15. Rac1 Nc5 16. Nd2 f5 17. Nb3 Ne6 18. a4 Nc5 19. Nxc5 Qxc5 20. b3 Be6 21. Nf1 e4 22. e3 g5 23. Nd2 h5 24. Bh3 Rae8 25. Nb1 f4 26. Bxe6+ Rxe6 27. Nc3 Qf5 28. Qe2 f3 29. Qf1 h4 30. Rd7 Rh6 31. Rd2 g4 32. c5 Kh8 33. Rd6 Rh7 34. Rd2 Be5 35. Nxe4 Qxe4 36.
Rc4 Qf5 37. Rc1 Qg5 38. Rcd1 hxg3 39. fxg3 Qxe3+ 40. Kh1 Bxg3 0-1

[Event "Late-Titled-Tuesday-Blitz-February-13-2024"]
[Site "Chess.com"]
[Date "2024.02.13"]
[Round "1"]
[White "Statham_01"]
[Black "Dewarfd"]
[Result "1-0"]
[WhiteElo "2553"]
[BlackElo "2150"]
[TimeControl "180+1"]
[EndTime "14:07:31 PST"]
[Termination "Statham_01 won by checkmate"]

1. e4 c5 2. Nf3 g6 3. c3 d5 4. exd5 Qxd5 5. d4 Bg7 6. Be3 cxd4 7. cxd4 Nf6 8. Nc3 Qd6 9. h3 O-O 10. Bd3 Rd8 11. O-O a6 12. Rc1 Nc6 13. Qd2 Be6 14.
Bf4 Qd7 15. Be3 b5 16. Rfd1 Bf5 17. Be2 Rac8 18. Nh4 Ne4 19. Nxe4 Bxe4 20. Bg4 e6 21. Bg5 Re8 22. Bh6 Qxd4 23. Qe2 Qe5 24. Bxg7 Kxg7 25. b4 Nxb4 26. Nf3 Qf4 27. Rxc8 Rxc8 28. Qb2+ e5 29. Qxb4 Bxf3 30. Qxf4 exf4 31. Bxf3 Rc2 32. Bd5 b4 33. Bb3 Rb2 34. Rd7 a5 35. Rxf7+ Kh6 36. Rxf4 Kg5 37. Rg4+ Kf6 38. f3 h5 39. Rc4 g5 40. h4 gxh4 41. Kh2 Kg5 42. Kh3 a4 43. Rc5+ Kf4 44. Rc4+ Ke3 45.
Re4+ Kf2 46. Bxa4 Rxa2 47. Rxb4 Ra1 48. Kxh4 Rg1 49. Rb2+ Ke3 50. Kxh5 Kf4 51. Rb4+ Kg3 52. Rg4+ Kf2 53. f4 Ra1 54. f5 Ra3 55. Kg6 Ra1 56.
f6 Rc1 57. f7 Rc6+ 58. Bxc6 Kg1 59. f8=Q Kh2 60. Qf2 Kh1 61. g3# 1-0

[Event "Late-Titled-Tuesday-Blitz-February-13-2024"]
[Site "Chess.com"]
[Date "2024.02.13"]
[Round "1"]
[White "Kotlyar_K"]
[Black "jefferyx"]
[Result "0-1"]
[WhiteElo "2511"]
[BlackElo "3029"]
[TimeControl "180+1"]
[EndTime "14:07:32 PST"]
[Termination "jefferyx won on time"]

1. d4 d5 2. c4 e6 3. Nc3 Nf6 4. cxd5 exd5 5. Bg5 c6 6. e3 Bd6 7. Bd3 O-O 8. Nge2 Re8 9. Qc2 h6 10. Bh4 a5 11. Bg3 Na6 12. a3 Nc7 13. O-O Bxg3 14. Nxg3 Qd6 15. Rac1 h5 16. Nf5 Bxf5 17. Bxf5 g6 18.
Bh3 Kg7 19. Na4 Ng4 20. g3 Ne6 21. Bg2 h4 22. h3 Nf6 23. g4 Ng5 24. Nc5 Re7 25. Rce1 Rae8 26. Nd3 Nd7 27. Ne5 Nxe5 28. dxe5 Rxe5 29. f4 Nxh3+ 30. Bxh3 Rxe3 31. Rxe3 Rxe3 32.
Bg2 h3 33. Bh1 d4 34. Qf2 b5 35. Rd1 Qe6 36. Bf3 c5 37. g5 Qb3 38. Rf1 Qd3 39. Kh2 Qf5 40. Qg3 c4 41. Qh4 Rb3 42. Rf2 c3 43. Bg4 Qe4 44. f5 Qe5+ 45. Kh1 cxb2 46. f6+ Kg8 47. Bxh3 b1=Q+ 48. Bf1 Qbe4+ 49. Qxe4 Qxe4+ 0-1

[Event "Late-Titled-Tuesday-Blitz-February-13-2024"]
[Site "Chess.com"]
[Date "2024.02.13"]
[Round "1"]
[White "Smiechu"]
[Black "krzyzan94"]
[Result "1/2-1/2"]
[WhiteElo "2430"]
[BlackElo "2786"]
[TimeControl "180+1"]
[EndTime "14:07:32 PST"]
[Termination "Game drawn by repetition"]

1. e4 c5 2. Nf3 d6 3. d4 cxd4 4.
Nxd4 Nf6 5. Nc3 a6 6. Be3 e5 7. Nb3 Be6 8. Qd2 Be7 9. O-O-O O-O 10. f4 b5 11. f5 Bc4 12. g4 Nxg4 13. Rg1 Nxe3 14.
Qxe3 Kh8 15. Nd2 Bxf1 16. Nxf1 Nd7 17. Qg3 Rg8 18. Ne3 Rc8 19. Ncd5 Bf6 20. Rd3 Nc5 21. Ra3 Nxe4 22. Qg4 Nc5 23. Nd1 g5 24. Rh3 Rg7 25. N1c3 e4 26. Nxf6 Qxf6 27. Nd5 Qd8 28. f6 Rg6 29.
Qh5 h6 30. Rxg5 Nd3+ 31. Kb1 Qg8 32. Ne7 Rxf6 33. Rxg8+ Rxg8 34. a3 Rf1+ 35. Ka2 Nc1+ 36. Kb1 Nd3+ 37. Ka2 Nc1+ 38. Kb1 Nd3+ 1/2-1/2

[Event "Late-Titled-Tuesday-Blitz-February-13-2024"]
[Site "Chess.com"]
[Date "2024.02.13"]
[Round "1"]
[White "AungTZ"]
[Black "Pawngobblerx2000"]
[Result "1-0"]
[WhiteElo "2044"]
[BlackElo "2525"]
[TimeControl "180+1"]
[EndTime "14:07:32 PST"]
[Termination "AungTZ won by resignation"]

1. e4 c5 2. Nf3 d6 3. d4 cxd4 4. Nxd4 Nf6 5. Nc3 g6 6. g3 Bg7 7. Bg2 O-O 8. O-O Nc6 9. Nde2 Be6 10. h3 Rc8 11. Be3 a6 12. Rc1 Ne5 13. b3 Ned7 14. Kh2 b5 15. Nd5 Bxd5 16. exd5 b4 17. Qd2 a5 18. c4 bxc3 19. Nxc3 Nc5 20. Nb5 Qb6 21. Nd4 Qb7 22. Nc6 a4 23. Bxc5 dxc5 24. Rxc5 axb3 25. Rb1 Qd7 26. axb3 e6 27. Rd1 Nxd5 28. Bxd5 exd5 29. Qxd5 Qc7 30. Qd7 Kh8 31. Qxc7 Rxc7 32. b4 f5 33. b5 f4 34. Kg2 Rcf7 35. g4 f3+ 36. Kg3 g5 37. Rd3 h6 38. Ne5 Bxe5+ 39. Rxe5 Kg7 40. Ree3 Rb8 41. Rb3 Rfb7 42. Re5 Rf8 43. Rf5 Rxf5 44. gxf5 Kf6 45. Kxf3 Kxf5 46.
b6 h5 47. Ke3 g4 48. h4 Kg6 49. Rb5 Kf6 50. Kd4 Ke6 51. Kc5 Kd7 52. Rb2 Rb8 53.
Rd2+ Kc8 54. Kc6 Rb7 55. Rd8+ Kxd8 56. Kxb7 Kd7 57. Ka8 g3 58. fxg3 1-0

[Event "Late-Titled-Tuesday-Blitz-February-13-2024"]
[Site "Chess.com"]
[Date "2024.02.13"]
[Round "1"]
[White "karinachess1"]
[Black "Sacbutt"]
[Result "1-0"]
[WhiteElo "2675"]
[BlackElo "2339"]
[TimeControl "180+1"]
[EndTime "14:07:33 PST"]
[Termination "karinachess1 won on time"]

1. d4 e5 2. dxe5 Nc6 3. Nf3 Qe7 4. Nc3 Nxe5 5. e4 c6 6. Be2 Nf6 7. O-O d6 8. Nd4 Qc7 9. f4 Ng6 10. Be3 Be7 11. Qd3 O-O 12. Rae1 a6 13. Bf3 Rb8 14. h3 c5 15. Nf5 Bxf5 16. exf5 Nh4 17. Bd5 b5 18. g4 b4 19. Nd1 Nxd5 20. Qxd5 Qb7 21. Qxb7 Rxb7 22. b3 g6 23. fxg6 fxg6 24. Nb2 d5 25. Nd3 d4 26. Bd2 Bd6 27. Re4 Re7 28.
Rxe7 Bxe7 29. Kf2 g5 30. f5 Ng6 31. Re1 Bd6 32. Re6 Bf4 33. Bxf4 Nxf4 34. Nxf4 gxf4 35. Rxa6 h5 36. Rc6 hxg4 37. hxg4 Rf7 38. Rxc5 Ra7 39. Kf3 Rxa2 40. Kxf4 d3 41. cxd3 Rb2 42. Kg5 Rxb3 43. Kg6 Kf8 44. f6 Ke8 45. f7+ Ke7 46. Re5+ Kd6 47.
Re8 1-0

[Event "Late-Titled-Tuesday-Blitz-February-13-2024"]
[Site "Chess.com"]
[Date "2024.02.13"]
[Round "1"]
[White "OneTrickPony_82"]
[Black "JaackCamel"]
[Result "1-0"]
[WhiteElo "2562"]
[BlackElo "2195"]
[TimeControl "180+1"]
[EndTime "14:07:33 PST"]
[Termination "OneTrickPony_82 won by resignation"]

1. d4 d5 2. c4 e6 3. Nf3 c6 4. e3 Nf6 5. Bd3 Nbd7 6. b3 Be7 7.
O-O O-O 8. Bb2 b6 9. Nbd2 Bb7 10. Qe2 c5 11. Rfd1 Rc8 12. Rac1 Qc7 13. cxd5 exd5 14. dxc5 bxc5 15. Nd4 Qb8 16. Nf5 Rfe8 17. Nxe7+ Rxe7 18.
Bb1 Ree8 19. Qd3 Qa8 20. Qf5 a5 21. Nf3 Qa6 22. Ng5 h6 23. Nh3 Qe6 24. Nf4 Qxf5 25. Bxf5 Rc7 26. Bxd7 Nxd7 27. Nxd5 Rcc8 28. Nc3 Ne5 29. Na4 Be4 30. Rxc5 Nd3 31. Rxc8 Rxc8 32. Bd4 Rc2 33. f3 Bg6 34. e4 Nb4 35. a3 Nc6 36. Bb2 f6 37. Rc1 Nd4 38. Rxc2 Nxc2 39. Kf2 Bf7 40.
Nc5 Kf8 41. Ke2 a4 42. bxa4 Ke7 43. Kd2 Kd6 44. Nb7+ Kc7 45. Kxc2 Kxb7 46. Kc3 Kb6 47. Kb4 Ka6 48. Bd4 Be6 49. a5 g6 50. g4 f5 51.
h3 fxe4 52. fxe4 h5 53. gxh5 gxh5 54. h4 Bd7 55. Bb6 Bc6 56. e5 Bd5 57. Kc5 Be6 58. Kd6 1-0

[Event "Late-Titled-Tuesday-Blitz-February-13-2024"]
[Site "Chess.com"]
[Date "2024.02.13"]
[Round "1"]
[White "zano2023"]
[Black "Baronessa08"]
[Result "0-1"]
[WhiteElo "2141"]
[BlackElo "2551"]
[TimeControl "180+1"]
[EndTime "14:07:33 PST"]
[Termination "Baronessa08 won by resignation"]

1. d4 d5 2. Nf3 Nf6 3. Nbd2 e6 4. e3 c5 5. c3 Nc6 6. Bd3 Be7 7. O-O O-O 8. dxc5 Bxc5 9. e4 h6 10. Qe2 Re8 11. e5 Nh7 12. b4 Bb6 13. Re1 Bd7 14.
Nf1 Rc8 15. Ng3 Ne7 16. Bb2 Nf8 17. Rac1 a5 18. a3 Qc7 19. c4 dxc4 20. Bxc4 Qb8 21. Bd3 Rxc1 22. Rxc1 Rc8 23. Rxc8 Qxc8 24. Qe4 Bc6 25. Qe2 axb4 26. axb4 Bd5 27. h3 Nfg6 28.
h4 Nf4 29. Qd2 Nxd3 30. Qxd3 Qc6 31. Bd4 Qc1+ 32. Kh2 Bc7 33. Be3 Qc6 34. Nd4 Qa4 35.
Qc3 Bxe5 36. Qc5 Qd7 37. f4 Bd6 38. Qc3 Ng6 39. f5 Nxh4 40. fxe6 fxe6 41. Qe1 Nf5 42. Nxf5 exf5 43. Qf2 Qc7 44. Kh3 f4 45. Bb6 Qd7+ 46.
Kh4 fxg3 47. Qd4 Be6 48. Kh5 Qf7+ 0-1

[Event "Late-Titled-Tuesday-Blitz-February-13-2024"]
[Site "Chess.com"]
[Date "2024.02.13"]
[Round "1"]
[White "Romadk"]
[Black "Grischuk"]
[Result "0-1"]
[WhiteElo "2524"]
[BlackElo "3098"]
[TimeControl "180+1"]
[EndTime "14:07:34 PST"]
[Termination "Grischuk won by resignation"]

1. d4 e6 2. Nf3 c5 3. g3 cxd4 4.
Nxd4 d5 5. Bg2 Nf6 6. Kf1 e5 7. Nb3 Be7 8. c4 d4 9. e3 Nc6 10. exd4 exd4 11. Bxc6+ bxc6 12. Qxd4 Bh3+ 13. Kg1 Qc8 14.
Nc3 O-O 15. Bf4 Qg4 16. Qe3 Rfe8 17. f3 Qg6 18. Qf2 h5 19. Ne2 Rad8 20. Bc7 Rd7 21. Nf4 Qf5 22. Nxh3 Qxh3 23. Bf4 Red8 24. Re1 Bb4 25.
Rf1 a5 26. Qg2 Qf5 27. h3 a4 28. Nc1 Rd2 29. Bxd2 Rxd2 30. Ne2 Qd3 31. Re1 Rxb2 32. Kh2 Bxe1 33. Rxe1 Rxa2 34. Qf2 a3 35. Kg1 Rc2 36. Nf4 Qxc4 37. Qe3 a2 38. Qa7 Rc1 39. Qb8+ Kh7 40.
Kf2 Rxe1 41. Kxe1 a1=Q+ 0-1

[Event "Late-Titled-Tuesday-Blitz-February-13-2024"]
[Site "Chess.com"]
[Date "2024.02.13"]
[Round "1"]
[White "KNVB"]
[Black "Supelyel"]
[Result "1-0"]
[WhiteElo "2859"]
[BlackElo "2454"]
[TimeControl "180+1"]
[EndTime "14:07:34 PST"]
[Termination "KNVB won by resignation"]

1. d4 d6 2. e4 Nf6 3. f3 e5 4. dxe5 dxe5 5. Qxd8+ Kxd8 6. Bc4 Be6 7.
Bxe6 fxe6 8. Be3 a6 9. Nd2 Nbd7 10. Ne2 Bd6 11. O-O-O Ke7 12. c3 b5 13. Kc2 h6 14. h4 c6 15. h5 a5 16. Nc1 Nc5 17. Bxc5 Bxc5 18. Nd3 Bd6 19. a4 Rhb8 20. Ra1 Nd7 21.
Nb3 b4 22. Nd2 Nb6 23. b3 c5 24.
Nb2 Bc7 25. Ndc4 Nd7 26. Nd3 Rf8 27. Rh4 Rf7 28. Rd1 Raf8 29. Rh3 Rg8 30. Nf2 Nf6 31. Ne3 Bb6 32. Nfg4 Nd7 33. Rxd7+ Kxd7 34. Nxe5+ Ke7 35. Nxf7 Kxf7 36. Rh1 Rd8 37. Rd1 Rxd1 38. Kxd1 Kf6 39. f4 Bc7 40. e5+ Kf7 41. Kc2 Ke7 42. Kd3 Kd7 43. Kc4 Kc6 44. g4 Bd8 45. cxb4 cxb4 46. Nc2 Bh4 47. Nd4+ Kb6 48. Nxe6 Bg3 49. Kd5 Kb7 50.
Ke4 Kc6 51. Nxg7 Kc5 52. Nf5 Be1 53. Nxh6 1-0

[Event "Late-Titled-Tuesday-Blitz-February-13-2024"]
[Site "Chess.com"]
[Date "2024.02.13"]
[Round "1"]
[White "MajorCoast"]
[Black "Pelopidass"]
[Result "0-1"]
[WhiteElo "2202"]
[BlackElo "2567"]
[TimeControl "180+1"]
[EndTime "14:07:34 PST"]
[Termination "Pelopidass won by checkmate"]

1. e4 e6 2. d4 d5 3. Nc3 Bb4 4.
e5 c5 5. Bd2 Ne7 6. a3 Bxc3 7.
Bxc3 b6 8. Bb5+ Bd7 9. Bd3 Nbc6 10. Nf3 Qc7 11. O-O cxd4 12. Bxd4 Nxd4 13. Nxd4 Qxe5 14.
c3 O-O 15. Re1 Qf6 16. Re3 g6 17. Nf3 Nc6 18. h4 e5 19. Ng5 h6 20. Nh3 Qxh4 21.
Rg3 Qf6 22. Qc2 e4 23. Be2 Rae8 24. f3 Re5 25. Rf1 e3 26. f4 Re7 27. f5 g5 28. Bd3 Ne5 29. Nf4 Nxd3 30. Nxd5 Qe5 31.
Nxe7+ Qxe7 32. Qxd3 Re8 33. f6 Qe5 34. Rgf3 Bg4 35.
Rf5 Bxf5 36. Rxf5 Qxf5 37. Qxf5 e2 38. Qd7 e1=Q+ 39. Kh2 Qe5+ 40. Kg1 Qe6 41. Qxa7 Qxf6 42. Qd7 Re1+ 43. Kh2 Qf4+ 44. Kh3 Qh4# 0-1

[Event "Late-Titled-Tuesday-Blitz-February-13-2024"]
[Site "Chess.com"]
[Date "2024.02.13"]
[Round "1"]
[White "ArchibaldCerveza29"]
[Black "DonkyDonkyDonkey"]
[Result "0-1"]
[WhiteElo "2504"]
[BlackElo "2965"]
[TimeControl "180+1"]
[EndTime "14:07:35 PST"]
[Termination "DonkyDonkyDonkey won by resignation"]

1. e4 e5 2. f4 d5 3. exd5 exf4 4. Nf3 Qxd5 5. Nc3 Qe6+ 6. Be2 Nf6 7. O-O Be7 8. d4 O-O 9. Bxf4 Bd6 10. Qd2 Nc6 11. Rae1 Bxf4 12. Qxf4 Qd6 13. Qh4 Bg4 14. Nb5 Qd8 15.
Ng5 h6 16. Bxg4 Nxg4 17. Qxg4 hxg5 18. c3 a6 19. Na3 f6 20. Re3 Qd5 21. b3 Rfe8 22.
Rfe1 Rxe3 23. Rxe3 b5 24. Nc2 a5 25. Qe6+ Qxe6 26. Rxe6 Nd8 27. Re7 c6 28. Ne3 a4 29.
Nf5 axb3 30. axb3 Kf8 31. Rxg7 Ne6 32. Rb7 Ra2 33. Nd6 Nf4 34. g3 Nh3+ 35. Kf1 Rxh2 36. Rf7+ Kg8 37. Rxf6 Kg7 38. Rf5 Kg6 39. Rc5 Kh5 40.
Ne4 Kg4 41. Ke1 Ra2 42. Rxc6 Kf3 43. Nd2+ Ke3 44. Re6+ Kd3 45. Kf1 Rxd2 46. d5 Kxc3 47. d6 Kxb3 48. Re3+ Ka4 49. Re4+ b4 50. Ke1 Rxd6 51.
g4 Nf4 52. Kf2 Rd2+ 53. Kg1 Rg2+ 54. Kh1 Rxg4 55. Re3 b3 56. Kh2 Rg2+ 57. Kh1 Rc2 58. Kg1 b2 59. Re4+ Kb3 60. Re3+ Ka2 61. Re2 Rxe2 0-1

[Event "Late-Titled-Tuesday-Blitz-February-13-2024"]
[Site "Chess.com"]
[Date "2024.02.13"]
[Round "1"]
[White "rhungaski"]
[Black "FabianoCaruana"]
[Result "0-1"]
[WhiteElo "2515"]
[BlackElo "3056"]
[TimeControl "180+1"]
[EndTime "14:07:36 PST"]
[Termination "FabianoCaruana won on time"]

1. e4 c5 2. Nf3 e6 3. d4 cxd4 4. Nxd4 a6 5. c4 Nf6 6. Nc3 Bb4 7. Nc2 Bxc3+ 8. bxc3 Nc6 9. Ba3 Nxe4 10. Qg4 f5 11. Qxg7 Qf6 12. Qxf6 Nxf6 13. f3 Kf7 14. Kf2 Rd8 15. c5 Rb8 16. Rb1 Ne8 17. Be2 d5 18.
cxd6 Nxd6 19. c4 Ne8 20. Rhd1 Rxd1 21. Rxd1 e5 22. Ne3 Be6 23. g4 f4 24. Nd5 b5 25.
cxb5 axb5 26. Bc5 Rd8 27. Nb4 Rxd1 28. Bxd1 Nxb4 29. Bxb4 Bxa2 30. Bc2 h6 31. Bc3 Ke6 32. Bf5+ Kf6 33. Bb4 Nc7 34. Bd7 Nd5 35. Ba3 b4 36. Bb2 Ne3 37. Ba4 Nc4 38. Ba1 b3 39. h4 b2 40. Bxb2 Nxb2 41. Bc2 Bc4 0-1

[Event "Late-Titled-Tuesday-Blitz-February-13-2024"]
[Site "Chess.com"]
[Date "2024.02.13"]
[Round "1"]
[White "AsaHoffmann"]
[Black "GoltsevDmitry2000"]
[Result "1-0"]
[WhiteElo "2432"]
[BlackElo "2767"]
[TimeControl "180+1"]
[EndTime "14:07:36 PST"]
[Termination "AsaHoffmann won by checkmate"]

1. d4 e6 2. e4 d5 3. e5 c5 4. Nf3 Nc6 5. Bd3 cxd4 6. O-O Nge7 7. Bf4 Ng6 8. Bg3 Be7 9. Nbd2 h5 10. h3 h4 11. Bh2 Nf8 12. a3 g5 13. Nb3 Qb6 14.
Rb1 a5 15. Re1 a4 16. Nbxd4 Nxd4 17. Nxd4 Bd7 18. c3 Rc8 19. Qf3 Ng6 20. Bxg6 fxg6 21.
Qd3 Rg8 22. Re3 Rc4 23. Rf3 Kd8 24. Nc2 Kc8 25. Ne3 Re4 26. Ng4 Bb5 27. Qd2 Re2 28. Qd1 Rf8 29. Rxf8+ Bxf8 30. c4 Bxc4 31. Qxa4 Bc5 32.
Qe8+ Kc7 33. Qf7+ Kb8 34. b4 Bd4 35. Rd1 Bb3 36. Rf1 Bc2 37. Nf6 Ka7 38. Nd7 Qb5 39. Qe8 Bxf2+ 40. Kh1 Rd2 41. Qb8+ Ka6 42. Qa8+ Ba7 43.
Nc5+ Kb6 44. Qd8+ Kc6 45. Qd6# 1-0

[Event "Late-Titled-Tuesday-Blitz-February-13-2024"]
[Site "Chess.com"]
[Date "2024.02.13"]
[Round "1"]
[White "MolecularChemist"]
[Black "a_kandil"]
[Result "1-0"]
[WhiteElo "2906"]
[BlackElo "2485"]
[TimeControl "180+1"]
[EndTime "14:07:39 PST"]
[Termination "MolecularChemist won by resignation"]

1. Nf3 c5 2. b3 d5 3. Bb2 Nc6 4. e3 Nf6 5. Bb5 a6 6. Bxc6+ bxc6 7. h3 e6 8. O-O Be7 9. c4 O-O 10. Qc2 Nd7 11. Nc3 f6 12. d4 Bb7 13. Rfd1 Rc8 14. Rac1 Qe8 15. Na4 cxd4 16. Nxd4 Qf7 17. Qe2 Rfe8 18.
Nf3 e5 19. c5 Bf8 20. e4 d4 21. Nd2 a5 22. Ba3 Ra8 23. Nc4 Ba6 24. Qc2 Bb5 25.
Nd6 Bxd6 26. cxd6 Bxa4 27. bxa4 Rac8 28. Bc5 Red8 29. Rb1 Qe6 30. Ba3 c5 31. Rb5 c4 32.
Rxa5 Ra8 33. Rb5 Kh8 34. Rb7 d3 35. Qc3 Rxa4 36. Rdb1 Rda8 37. Bb4 Rxa2 38. Rc1 Qe8 39. Qxc4 d2 40. Rd1 Ra1 41. Qe2 Qc8 42. Rc7 Qb8 43. Bxd2 Qb3 44. Rxa1 Rxa1+ 45. Kh2 1-0

[Event "Late-Titled-Tuesday-Blitz-February-13-2024"]
[Site "Chess.com"]
[Date "2024.02.13"]
[Round "1"]
[White "EsmeraldasAnderson03"]
[Black "GMRAVEN_ON_YOUTUBE"]
[Result "0-1"]
[WhiteElo "2419"]
[BlackElo "2787"]
[TimeControl "180+1"]
[EndTime "14:07:39 PST"]
[Termination "GMRAVEN_ON_YOUTUBE won on time"]

1. d4 f5 2. Bg5 g6 3. e3 Bg7 4. h4 h6 5. Bf4 Nf6 6. Nf3 d6 7. Be2 O-O 8. O-O Ng4 9. Bg3 e5 10. dxe5 dxe5 11. Qxd8 Rxd8 12. Nc3 Be6 13. Rfd1 Na6 14.
Rxd8+ Rxd8 15. Rd1 Rxd1+ 16. Bxd1 c6 17. a3 Nc5 18.
Nd2 h5 19. Be2 b5 20. Nf3 Kf8 21. Ng5 Bg8 22. Nd1 Ke7 23. f3 Nh6 24. e4 Nf7 25. Bf2 Kd6 26. exf5 Nxg5 27. hxg5 gxf5 28. Ne3 Be6 29.
g3 f4 30. Ng2 fxg3 31. Bxg3 Ke7 32. Bf2 Kd6 33. b4 Na4 34. Bxa7 Nc3 35. Bd3 Nb1 36. Bg6 Nxa3 37. Ne3 h4 38. Kg2 Kd7 39. Bf5 Bf8 40.
Bxe6+ Kxe6 41. c3 Be7 42. g6 Kf6 43. Ng4+ Kxg6 44. Nxe5+ Kf5 45. Nxc6 Bf6 46. Bd4 Bg5 47. Bf2 Bf6 0-1

[Event "Late-Titled-Tuesday-Blitz-February-13-2024"]
[Site "Chess.com"]
[Date "2024.02.13"]
[Round "1"]
[White "carlsenCamacho"]
[Black "MessiKingdom"]
[Result "0-1"]
[WhiteElo "2279"]
[BlackElo "2632"]
[TimeControl "180+1"]
[EndTime "14:07:39 PST"]
[Termination "MessiKingdom won by checkmate"]

1. e4 c6 2. Nf3 d5 3. Nc3 Bg4 4. h3 Bxf3 5. Qxf3 e6 6. d3 Nd7 7. g4 h5 8. g5 Bc5 9. Bg2 Ne7 10. O-O Ng6 11. exd5 cxd5 12. Re1 Be7 13. d4 Nh4 14. Qg3 Nxg2 15. Kxg2 O-O 16. g6 Bh4 17.
Qe3 fxg6 18. Qxe6+ Kh7 19. Be3 Nb6 20. Rg1 Nc4 21.
Kh1 Rf6 22. Qxd5 Qc7 23. Bg5 Rxf2 24. Rg2 Rxg2 25. Qxg2 Bxg5 26. Qxg5 Nxb2 27. Rg1 Qf7 28. Nd5 Rc8 29. Rg2 Rc4 30. Nf4 Rxd4 31. Nxg6 Rd1+ 32. Kh2 Rd5 33. Ne5 Qf6 34. Qxh5+ Kg8 35. Qe8+ Kh7 36. Nf7 Qf4+ 37. Rg3 Rd2+ 38. Kh1 Qf1+ 39. Rg1 Qxh3# 0-1

[Event "Late-Titled-Tuesday-Blitz-February-13-2024"]
[Site "Chess.com"]
[Date "2024.02.13"]
[Round "1"]
[White "Dedic8"]
[Black "bocah_sakit"]
[Result "1-0"]
[WhiteElo "2857"]
[BlackElo "2462"]
[TimeControl "180+1"]
[EndTime "14:07:41 PST"]
[Termination "Dedic8 won on time"]

1. d4 Nf6 2. c4 e6 3. Nc3 Bb4 4. e3 O-O 5. Bd3 d5 6. a3 Bxc3+ 7. bxc3 c5 8. cxd5 exd5 9. Ne2 b6 10. O-O Ba6 11. f3 Re8 12. Ng3 Bxd3 13. Qxd3 Nc6 14.
Bb2 Rc8 15. e4 dxe4 16. fxe4 Ne5 17. Qe2 cxd4 18. cxd4 Nc4 19. Bc3 Nd6 20. e5 Rxc3 21.
Qa2 Nde4 22. Nxe4 Qxd4+ 23. Nf2 Qxe5 24. Qd2 Qc5 25. Kh1 Rc2 26. Qf4 h6 27. Ng4 Re6 28. Rad1 Rc4 29. Qb8+ Kh7 30. Nxf6+ Rxf6 31. Rxf6 gxf6 32.
Qxa7 Qd5 33. Rg1 b5 34. Qf2 Rc3 35. Qxf6 Rxa3 36. Rf1 Ra7 37. h3 Qe6 38. Qd4 Rb7 39. Rf6 Qc4 40. Qe3 Qh4 41. Qf3 1-0

[Event "Late-Titled-Tuesday-Blitz-February-13-2024"]
[Site "Chess.com"]
[Date "2024.02.13"]
[Round "1"]
[White "GothamChess"]
[Black "Chessdude1987"]
[Result "1-0"]
[WhiteElo "2719"]
[BlackElo "2381"]
[TimeControl "180+1"]
[EndTime "14:07:42 PST"]
[Termination "GothamChess won on time"]

1. e4 e6 2. b3 d5 3. Bb2 Nc6 4. e5 f6 5. d4 fxe5 6. dxe5 Nh6 7. Bd3 Be7 8. Qh5+ Nf7 9. f4 g6 10. Qh3 Nb4 11. Ne2 Nxd3+ 12. Qxd3 c5 13. Nd2 Bd7 14. Qh3 Qa5 15. a3 O-O 16. Rd1 b5 17. O-O Qb6 18. Kh1 a5 19. Nf3 a4 20. Rxd5 exd5 21. Qxd7 Rad8 22.
Qxe7 Rfe8 23. Qh4 axb3 24. cxb3 d4 25. Ng3 c4 26. Ne4 Re6 27. Nf6+ Rxf6 28. exf6 c3 29. Ba1 b4 30. f5 Qb5 31. Kg1 Qxf5 32. axb4 c2 33. Bb2 d3 34. Qc4 Qd5 35. Nd2 Qxc4 36. bxc4 Ra8 37. Re1 Kf8 38. Kf2 Ra2 39. Bc3 Ra3 40.
Bd4 Ra2 41. Ke3 h5 42. Kxd3 Kg8 43. c5 Kh7 44. Rc1 Ng5 45. Rxc2 Ra3+ 46. Rc3 Ra2 47. c6 Ne6 48. c7 Nf4+ 49. Ke4 Ne2 50. c8=R 1-0